 Seeded DCSS version 0.30-a0-860-g512cf1e (webtiles) character file.

Game seed: 3348077355291466336 (custom seed)

2815 Bazzalis the Grappler (level 9, -7/127 HPs)
             Began as a Troll Air Elementalist on Mar 7, 2023.
             Was a Believer of Trog.
             Killed from afar by an electric eel (10 damage)
             ... with a bolt of electricity
             ... on level 8 of the Dungeon.
             The game lasted 00:29:19 (5843 turns).

Bazzalis the Grappler (Troll Air Elementalist)      Turns: 5843, Time: 00:29:19

Health: -7/127     AC:  5    Str: 22    XL:     9   Next: 44%
Magic:  9/9        EV: 11    Int: 11    God:    Trog [**....]
Gold:   399        SH:  0    Dex: 10    Spells: 10/10 levels left

rFire   + . .      SeeInvis .      - Unarmed
rCold   . . .      Faith    .    (no shield)
rNeg    . . .      Spirit   .    z - +1 robe {rF+}
rPois   +          Reflect  .    (helmet restricted)
rElec   .          Rampage  .    (no cloak)
rCorr   .                        (gloves unavailable)
Will    .....                    (boots unavailable) Stlth
                                 (no amulet)
HPRegen 1.21/turn                j - ring of poison resistance
MPRegen 0.11/turn                (no ring)

@: berserking, very quick
A: large, unfitting armour, claws 3, regeneration 1, shaggy fur 1, tough skin 1
a: Renounce Religion, Berserk, Trog's Hand


You were on level 8 of the Dungeon.
You worshipped Trog.
Trog was pleased with you.
You visited 1 branch of the dungeon, and saw 8 of its levels.

You collected 481 gold pieces.
You spent 82 gold pieces at shops.

Inventory:

Missiles
 e - 18 poisoned darts (quivered)
 k - 5 atropa-tipped darts
 A - 5 curare-tipped darts {!f}
 C - 8 boomerangs
 H - 9 throwing nets {!f}
Armour
 z - a +1 robe of fire resistance (worn)
   (You took it off Pikel on level 6 of the Dungeon)
 D - a +0 robe
   (You took it off an orc wizard on level 7 of the Dungeon)
 E - a +0 robe
   (You took it off a wight on level 7 of the Dungeon)
 F - a +0 robe
   (You took it off a wight on level 7 of the Dungeon)
 G - a +0 robe
   (You took it off a wight on level 7 of the Dungeon)
Jewellery
 j - a ring of poison resistance (left claw)
   (You found it on level 1 of the Dungeon)
Wands
 t - a wand of flame (22)
   (You found it on level 5 of the Dungeon)
Scrolls
 a - a scroll of torment {unknown}
 c - 3 scrolls of magic mapping
 d - 2 scrolls of identify {@r1}
 g - 3 scrolls of poison {unknown}
 i - 3 scrolls of amnesia
 m - a scroll of blinking {unknown}
 q - 2 scrolls of enchant armour {unknown}
 u - a scroll of fog {unknown}
 v - a scroll of acquirement {unknown}
 w - a scroll of teleportation {unknown}
 x - a scroll of enchant weapon {unknown}
 y - a scroll of fear {unknown}
Potions
 b - 2 potions of magic
 f - 2 potions of brilliance
 h - 3 potions of heal wounds {@q2}
 l - 2 potions of ambrosia
 n - 3 potions of mutation {!q}
 o - 6 potions of curing {@q1}
 p - a potion of might
 r - a potion of flight
 s - 2 potions of lignification {!q}
 B - a potion of resistance


   Skills:
 + Level 4.4 Fighting
 + Level 2.8 Throwing
 + Level 4.9 Dodging
 - Level 1.0 Stealth
 * Level 9.2 Unarmed Combat
 - Level 1.2 Spellcasting
 - Level 0.9 Conjurations
 - Level 2.0 Air Magic
 - Level 2.0 Evocations


You had 10 spell levels left.
You didn't know any spells.
Your spell library contained the following spells:

 Spells                   Type           Power      Damage    Failure   Level
 Shock                    Conj/Air       12%        1d3       17%         1
 Static Discharge         Conj/Air       6%         2-3/arc   26%         2
 Swiftness                Air            5%         N/A       38%         3
 Airstrike                Air            2%         2d(1-17)  80%         4


Dungeon Overview and Level Annotations

Branches:
Dungeon (8/15)             Temple (0/1) D:4
   Lair: D:8-11

Altars:
Qazlal
Trog
Zin
The Shining One

Shops:
D:1 =   D:7 *

Annotations:
D:2 1 runed translucent door, Crazy Yiuf


Innate Abilities, Weirdness & Mutations

You are too large for most types of armour.
You have claws for hands.
Your natural rate of healing is unusually fast.
You are covered in fur. (AC +1)
You have tough skin. (AC +1)


Message History

The electric eel shoots out a bolt of lightning at you!
The bolt of electricity hits you!
You barely miss the ufetubus. The ufetubus hits you.
The ufetubus closely misses you. The ufetubus barely misses you.
The ufetubus misses you.
The shadow imp hits you but does no damage.
The electric eel shoots out a bolt of lightning at you!
The bolt of electricity hits you. The hornet simulacrum hits you!
The hornet simulacrum freezes you!
The electric eel shoots out a bolt of lightning at you!
The bolt of electricity misses you.
The bolt of electricity hits the ufetubus!
The ufetubus dies!
You scratch the hornet simulacrum. The hornet simulacrum hits you!
* * * LOW HITPOINT WARNING * * *
The hornet simulacrum freezes you!
* * * LOW HITPOINT WARNING * * *
A red film seems to cover your vision as you go berserk!
You feel yourself moving faster!
You feel mighty! The water moccasin barely misses you.
The shadow imp barely misses you.
The electric eel shoots out a bolt of lightning at you!
The bolt of electricity hits you!
* * * LOW HITPOINT WARNING * * *
The hornet simulacrum misses you.
The water moccasin completely misses you.
You hear an angry hiss.
You mangle the water moccasin!! The shadow imp hits you.
* * * LOW HITPOINT WARNING * * *
The electric eel shoots out a bolt of lightning at you!
The bolt of electricity misses you.
The hornet simulacrum barely misses you.
The water moccasin bites you.
* * * LOW HITPOINT WARNING * * *
A water moccasin comes into view.
You completely miss the water moccasin. The hornet simulacrum hits you.
* * * LOW HITPOINT WARNING * * *
The hornet simulacrum freezes you!
* * * LOW HITPOINT WARNING * * *
You closely miss the water moccasin. The water moccasin bites you.
* * * LOW HITPOINT WARNING * * *
The electric eel shoots out a bolt of lightning at you!
The bolt of electricity misses you.
The shadow imp hits you but does no damage.
You mangle the water moccasin!!
You kill the water moccasin!
Trog accepts your kill.
The hornet simulacrum barely misses you.
The electric eel shoots out a bolt of lightning at you!
The bolt of electricity hits you!
You die...

.~≈≈≈~. ....#
..~≈≈≈~.. ......
...~≈≈... ......
#.≈≈~... ......
#.~≈S..##......
###.~...........
............#
.....?..Z..#
........@.##
.......5..#
............#
...............
#...............
.#.......S......
##....##.......
..... .......
#.?... #.....


You could see a water moccasin, an electric eel, a shadow imp and a hornet
simulacrum.

Vanquished Creatures
  Pikel (D:6)
  A water moccasin (D:8)
  2 sky beasts (D:7)
  An orc warrior (D:7)
  A black bear (D:7)
  2 ogres
  A wolf (D:7)
  A lemure (D:5)
  3 phantoms
  A gnoll sergeant (D:7)
  2 bullfrogs
  2 scorpions (D:6)
  3 wights (D:7)
  3 howler monkeys
  7 hounds
  4 jellies
  3 gnoll boudas (D:7)
  A sleepcap (D:6)
  6 iguanas
  2 orc wizards
  14 gnolls
  4 adders
  3 shadow imps
  2 white imps (D:5)
  An ufetubus (D:4)
  A worm (D:2)
  2 dart slugs (D:3)
  10 orcs
  4 ball pythons
  6 bats
  6 endoplasms
  3 giant cockroaches
  6 goblins
  6 hobgoblins
  13 jackals
  6 quokkas
  2 frilled lizards (D:2)
  5 kobolds
  6 rats
147 creatures vanquished.

Vanquished Creatures (others)
  An ufetubus (D:8)
  A fungus (D:2)
2 creatures vanquished.

Grand Total: 149 creatures vanquished

Notes
Turn   | Place    | Note
-------+----------+-------------------------------------------
     0 | D:1      | Bazzalis the Troll Air Elementalist began the quest for the
                  | Orb.
     0 | D:1      | Reached XP level 1. HP: 16/16 MP: 1/1
   173 | D:1      | Reached skill level 1 in Unarmed Combat
   180 | D:1      | Reached XP level 2. HP: 24/24 MP: 2/2
   325 | D:1      | Reached skill level 2 in Unarmed Combat
   650 | D:1      | Found Foelain's Jewellery Boutique.
   657 | D:1      | Reached XP level 3. HP: 28/31 MP: 3/3
  1215 | D:2      | Reached skill level 3 in Unarmed Combat
  1524 | D:2      | Found a runed translucent door.
  1525 | D:2      | Noticed Crazy Yiuf
  1653 | D:3      | Found a bloodstained altar of Trog.
  1662 | D:3      | Became a worshipper of Trog the Wrathful
  1763 | D:3      | Reached XP level 4. HP: 39/39 MP: 4/4
  2486 | D:4      | Reached skill level 4 in Unarmed Combat
  2492 | D:4      | Found a staircase to the Ecumenical Temple.
  2709 | D:4      | Found a glowing silver altar of Zin.
  2795 | D:5      | Entered Level 5 of the Dungeon
  2830 | D:5      | Reached XP level 5. HP: 27/45 MP: 5/5
  3091 | D:5      | Found a stormy altar of Qazlal.
  3235 | D:5      | Reached skill level 1 in Fighting
  3402 | D:6      | Reached skill level 5 in Unarmed Combat
  3402 | D:6      | Reached XP level 6. HP: 49/55 MP: 6/6
  3410 | D:6      | Noticed Pikel
  3470 | D:6      | Reached * piety under Trog
  3538 | D:6      | Reached XP level 7. HP: 54/65 MP: 7/7
  3590 | D:6      | Killed Pikel
  3591 | D:6      | Reached skill level 7 in Unarmed Combat
  3591 | D:6      | Reached XP level 8. HP: 75/75 MP: 8/8
  3725 | D:6      | Found a glowing golden altar of the Shining One.
  4419 | D:7      | Reached skill level 8 in Unarmed Combat
  4702 | D:7      | Reached skill level 1 in Throwing
  4702 | D:7      | Reached skill level 1 in Evocations
  4978 | D:7      | Reached XP level 9. HP: 81/81 MP: 9/9
  5221 | D:7      | Reached ** piety under Trog
  5454 | D:7      | Reached skill level 9 in Unarmed Combat
  5637 | D:7      | Found Ujemess's General Store.
  5652 | D:7      | Bought a scroll of magic mapping for 82 gold pieces
  5841 | D:8      | HP: 6/127 [hornet simulacrum (14)]
  5842 | D:8      | HP: 2/127 [water moccasin (5)]
  5843 | D:8      | Killed from afar by an electric eel

Illustrated notes

Levels and vault maps discovered:
D:1:      psy_arrival_radial02, layout_basic, serial_shops, shop,
          corner_web_ring, kennysheep_nondescript
D:2:      layout_rooms, uniq_crazy_yiuf_cottage
D:3:      layout_basic, trog_three_pillars_becter
D:4:      layout_basic, zin_treasury, minmay_temple_entry_mini_moons
D:5:      cheibrodos_helix_gallery, layout_gridville, grunt_qazlal_clouds
D:6:      layout_basic, tso_altar, uniq_pikel
D:7:      layout_cave_pods, serial_gnoll_camp, gnoll_camp_medium_02,
          gnoll_camp_mini_hut, gnoll_camp_mini_shop, gnoll_camp_mini_basic,
          hangedman_decor_growths
D:8:      layout_cave_pools, lemuel_tele_altar, serial_ice, serial_ice_b,
          serial_ice_e, serial_ice_f, serial_ice_n, serial_ice_l, serial_ice_c,
          serial_shops, kennysheep_little_box, enter_bailey_3,
          hangedman_decor_points

Skill      XL: |  1  2  3  4  5  6  7  8  9 |
---------------+----------------------------+-----
Unarmed Combat | 1 2 3 4 5 7 8 9 |  9.2
Dodging        | 2 3 4 |  4.9
Fighting       | 1 2 3 4 |  4.4
Throwing       | 1 2 |  2.8
Evocations     | 1 2 |  2.0
Stealth        | |  1.0
Spellcasting   | |  1.2
Conjurations   | |  0.9
Air Magic      | |  2.0

Action                     |  1- 3 |  4- 6 |  7- 9 || total
---------------------------+-------+-------+-------++-------
  Melee: Unarmed           |   165 |   122 |   211 ||   498
         Punch             |     6 |     2 |    10 ||    18
  Throw: Dart              |       |       |     3 ||     3
   Cast: Shock             |     2 |       |       ||     2
 Invoke: Berserk           |       |     1 |     9 ||    10
    Use: Scroll            |       |     8 |     2 ||    10
   Stab: Sleeping          |     2 |     3 |     1 ||     6
         Distracted        |       |       |     1 ||     1
 Armour: Robe              |    51 |    24 |    23 ||    98
  Dodge: Dodged            |    95 |    44 |    67 ||   206

Table legend: (Time is in decaauts)
 A = Elapsed time spent in this place.
 B = Non-inter-level travel time spent in this place.
 C = Inter-level travel time spent in this place.
 D = Time resting spent in this place.
 E = Time spent auto-exploring this place.
 F = Levels seen in this place.
 G = Mean time per level.
                   A        B        C        D        E       F      G
               +--------+--------+--------+--------+--------+-----+--------+
         Total |   5875 |   5691 |    184 |    413 |   3716 |   8 |  734.4 |
       Dungeon |   5875 |   5691 |    184 |    413 |   3716 |   8 |  734.4 |
               +--------+--------+--------+--------+--------+-----+--------+

Top non-repeatable levels by time:
     D:7: 1467 daAuts
     D:1: 999 daAuts
     D:6: 894 daAuts
     D:3: 740 daAuts
     D:5: 694 daAuts
     D:2: 554 daAuts
     D:4: 489 daAuts
     D:8: 35 daAuts
